 Dungeon Crawl Stone Soup version 0.30-a0-313-gae38170b09 (webtiles) character file.

Game seed: 8109668483519994997

30 koil the Shooter (level 3, -13/18 HPs)
             Began as a Spriggan Hunter on Oct 26, 2022.
             Was an Initiate of Kikubaaqudgha.
             Killed by divine providence
             ... invoked by an orc priest
              (15 damage)
             ... on level 4 of the Dungeon.
             The game lasted 00:03:02 (982 turns).

koil the Shooter (Spriggan Hunter)                   Turns: 982, Time: 00:03:03

Health: -13/18     AC:  2    Str:  5 (7)  XL:     3   Next: 5%
Magic:  5/5        EV: 18    Int:  9 (10) God:    Kikubaaqudgha [......]
Gold:   88         SH:  0    Dex: 19 (20) Spells: 4/4 levels left

rFire   . . .      SeeInvis +    a - +0 shortbow
rCold   . . .      Faith    .    (shield currently unavailable)
rNeg    + . .      Spirit   .    c - +0 robe
rPois   .          Reflect  .    (helmet restricted)
rElec   .          Harm     .    (no cloak)
rCorr   .          Rampage  .    (gloves unavailable)
Will    .....                    (boots unavailable)
Stlth   ++........               g - amulet of magic regeneration
HPRegen 0.23/turn                d - ring of positive energy
MPRegen 0.49/turn                (no ring)

@: brilliant, very quick
A: very small, no large weapons, unfitting armour, see invisible, speed 3
a: Renounce Religion


You were on level 4 of the Dungeon.
You worshipped Kikubaaqudgha.
Kikubaaqudgha was noncommittal.
You visited 1 branch of the dungeon, and saw 3 of its levels.

You collected 88 gold pieces.

Inventory:

Hand Weapons
 a - a +0 shortbow (weapon)
Armour
 c - a +0 robe (worn)
Jewellery
 d - a ring of positive energy (left hand)
 g - an amulet of magic regeneration (around neck)
Scrolls
 b - a scroll of immolation
 e - 4 scrolls of vulnerability {unknown}
 f - a scroll of magic mapping {unknown}
 h - a scroll of enchant weapon {unknown}
 j - a scroll of teleportation {unknown}
 l - a scroll of identify {unknown}
Potions
 k - a potion of degeneration


   Skills:
 + Level 1.9 Fighting
 + Level 4.2 Ranged Weapons
 + Level 3.2 Dodging
 + Level 2.5 Stealth
 + Level 1.2 Spellcasting
 + Level 0.0 Necromancy


You had 4 spell levels left.
You didn't know any spells.
Your spell library was empty.

Dungeon Overview and Level Annotations

Branches:
Dungeon (2/15)

Altars:
Kikubaaqudgha

Annotations:
D:4 Eustachio


Innate Abilities, Weirdness & Mutations

You are very small and have problems with some larger weapons.
You are too small for most types of armour.
You have supernaturally acute eyesight. (SInv)
You cover ground extremely quickly. (Speed+++)


Message History

The river rat misses you.
You hear a shout!
You shoot an arrow. The arrow hits the river rat.
The river rat is heavily wounded.
The quokka bites you.
* * * LOW HITPOINT WARNING * * *
The howler monkey closely misses you.
Eustachio screams, "At last I'll have my revenge!"
The river rat closely misses you. The quokka completely misses you.
The howler monkey barely misses you.
The orc wizard mumbles some strange words.
The orc wizard flickers and vanishes for a moment.
Eustachio calls on the powers of shadow!
Unknown command.
You shoot an arrow. The arrow hits the river rat.
The river rat is almost dead.
The river rat misses you. The quokka closely misses you.
The howler monkey barely misses you.
Eustachio gestures wildly while chanting.
The river rat bites you but does no damage.
Unknown command.
Unknown command.
It was a potion of brilliance.
You feel clever all of a sudden. The quokka bites you.
* * * LOW HITPOINT WARNING * * *
The howler monkey misses you.
An orc priest comes into view. It is wielding a +0 short sword.
The river rat bites you but does no damage.
The quokka bites you but does no damage.
It was a potion of degeneration.
There was something very wrong with that liquid.
You feel weakened.
You feel dopey.
You feel clumsy. The howler monkey misses you.
An orc wizard comes into view. It is wielding a +0 dagger.
The orc priest calls down the wrath of Beogh upon you.
Beogh smites you!
Ouch! That really hurt!
You die...
Kikubaaqudgha rasps: "You have failed me!
Welcome... death!"

#........### #..........#
#........#.# #.......>#.#
#........#.#
###........#.#
#..#.#######.# .
######..(...r####r##oo..
.......[.....r@r@hg......
##.......#'#..####o......
.....#...+_'..# ....###
.....#...#+#..# ....#
###..##......## ...(#
..†..##......# ....#
.###.######### ....# .#
#.# ## ###


You could see Eustachio, a howler monkey, an orc priest, 2 orc wizards, 2 river
rats, 2 quokkas and a goblin.

Vanquished Creatures
  A dart slug (D:4)
  3 ball pythons (D:1)
  A bat (D:1)
  2 endoplasms
  A giant cockroach (D:1)
  3 goblins (D:1)
  3 hobgoblins
  5 jackals (D:1)
  A quokka (D:1)
  A frilled lizard (D:1)
  3 kobolds (D:1)
24 creatures vanquished.

Notes
Turn   | Place    | Note
-------+----------+-------------------------------------------
     0 | D:1      | koil the Spriggan Hunter began the quest for the Orb.
     0 | D:1      | Reached XP level 1. HP: 10/10 MP: 2/2
   331 | D:1      | Reached XP level 2. HP: 15/15 MP: 2/4
   485 | D:1      | Reached skill level 1 in Spellcasting
   875 | D:2      | You fall into a shaft and drop 2 floors!
   883 | D:4      | Reached XP level 3. HP: 18/18 MP: 5/5
   895 | D:4      | Found an ancient bone altar of Kikubaaqudgha.
   898 | D:4      | Became a worshipper of Kikubaaqudgha
   916 | D:4      | Noticed Eustachio
   982 | D:4      | Killed from afar by an orc priest

Illustrated notes

Levels and vault maps discovered:
D:1:      elethiomel_arrival_infinity_welcomes_careful_drivers,
          layout_loops_ring, serial_aquarium, aquarium_bridge_square
          [aquarium_subvault_bridge, aquarium_subvault_wall,
          aquarium_subvault_window, aquarium_subvault_bridge],
          aquarium_bridge_long_separate [aquarium_subvault_wall,
          aquarium_subvault_bridge, aquarium_subvault_window,
          aquarium_subvault_bridge, aquarium_subvault_window,
          aquarium_subvault_wall], aquarium_window_1, aquarium_window_1,
          aquarium_view_2a, aquarium_view_2b
D:2:      minmay_evil_eye, layout_rooms, minmay_nonomino_d4, uniq_sigmund
D:4:      layout_basic, mainiacjoe_overflow_concentric_impassable,
          kennysheep_mini_moat, fiery_altar_vehumet, serial_shops, shop,
          dk_noncrumbling_2, uniq_eustachio

Skill      XL: |  1  2 |
---------------+-------+-----
Stealth        | 2 |  2.5
Dodging        | 3 |  3.2
Spellcasting   | 1 |  1.2
Fighting       | |  1.9
Ranged Weapons | |  4.2

Action                   || total
-------------------------++-------
 Fire: Shortbow          ||    65
  Use: Potion            ||     2
Armor: Robe              ||     4
Dodge: Dodged            ||    37

Table legend: (Time is in decaauts)
 A = Elapsed time spent in this place.
 B = Non-inter-level travel time spent in this place.
 C = Inter-level travel time spent in this place.
 D = Time resting spent in this place.
 E = Time spent auto-exploring this place.
 F = Levels seen in this place.
 G = Mean time per level.
                   A        B        C        D        E       F      G
               +--------+--------+--------+--------+--------+-----+--------+
         Total |    656 |    637 |     19 |      0 |    485 |   3 |  218.7 |
       Dungeon |    656 |    637 |     19 |      0 |    485 |   3 |  218.7 |
               +--------+--------+--------+--------+--------+-----+--------+

Top non-repeatable levels by time:
     D:1: 569 daAuts
     D:4: 77 daAuts
     D:2: 9 daAuts
